 Dungeon Crawl Stone Soup version 0.24-a0-447-ge8da9206dc (webtiles) character file.

Game seed: 6258012587277688354

128 pk666 the Magician (level 4, -1/24 HPs)
             Began as a Deep Elf Wizard on June 25, 2019.
             Slain by Edmund
             ... wielding a +6 flail of holy wrath
              (12 damage)
             ... on level 4 of the Dungeon.
             The game lasted 00:05:11 (3491 turns).

pk666 the Magician (Deep Elf Wizard)                Turns: 3491, Time: 00:05:12

Health: -1/24      AC:  2    Str:  4    XL:     4   Next: 87%
Magic:  1/13       EV: 13    Int: 24    God:
Gold:   220        SH:  0    Dex: 13    Spells: 4/13 levels left

rFire    . . .     SeeInvis .   m - +0 dagger
rCold    . . .     Gourm    .   (no shield)
rNeg     . . .     Faith    .   a - +0 robe
rPois    .         Spirit   .   b - +0 hat
rElec    .         Reflect  .   (no cloak)
rCorr    .         Harm     .   (no gloves)
MR       .....                  (no boots)
Stlth    ++........             (no amulet)
HPRegen  0.08/turn              (no ring)
MPRegen  0.13/turn              (no ring)

@: very slightly contaminated
A: no striking features
a: no special abilities


You were on level 4 of the Dungeon.
You were near starving.

You visited 1 branch of the dungeon, and saw 4 of its levels.

You collected 220 gold pieces.

Inventory:

Hand Weapons
 m - a +0 dagger (weapon)
Armour
 a - a +0 robe (worn)
 b - a +0 hat (worn)
Scrolls
 e - 2 scrolls of enchant weapon {unknown}
 f - 4 scrolls of identify {unknown}
 h - 4 scrolls of teleportation {unknown}
 l - 2 scrolls of magic mapping {unknown}
 n - 2 scrolls of remove curse {unknown}
 o - a scroll of amnesia {unknown}
 p - a scroll of random uselessness {unknown}
 q - a scroll of enchant armour {unknown}
 s - a scroll of noise {unknown}
 t - a scroll of fear {unknown}
 v - a scroll of blinking {unknown}
Potions
 c - a potion of haste {unknown}
 g - 2 potions of invisibility {unknown}
 i - a potion of lignification {unknown}
 j - a potion of might {unknown}
 k - a potion of heal wounds {unknown}
 r - a potion of curing {unknown}
 u - a potion of cancellation {unknown}
Comestibles
 d - 9 rations


   Skills:
 - Level 3.2 Dodging
 - Level 2.4 Stealth
 + Level 5.4 Spellcasting
 + Level 2.6 Conjurations
   Level 1.1 Summonings
 + Level 1.9 Translocations
 + Level 1.3 Fire Magic
 + Level 0.6 Air Magic
 + Level 1.2 Poison Magic


You had 4 spell levels left.
You knew the following spells:

 Your Spells              Type           Power        Failure   Level  Hunger
a - Magic Dart            Conj           ###.         2%          1    None
b - Blink                 Tloc           N/A          6%          2    None
c - Conjure Flame         Conj/Fire      ###.....     11%         3    ##.....
d - Mephitic Cloud        Conj/Pois/Air  ##......     14%         3    ##.....

Your spell library contained the following spells:

 Spells                   Type           Power        Failure   Level  Hunger
 Call Imp                 Summ           ##......     9%          2    None
 Slow                     Hex            #.......     13%         2    None


Dungeon Overview and Level Annotations

Branches:
Dungeon (4/15)
 Temple: D:4-7

Altars:
The Shining One

Annotations:
D:3 2 runed translucent doors, sloany69's ghost, weakling GrFi
D:4 Edmund


Message History

Edmund is lightly wounded.
Edmund is engulfed in noxious fumes.
You closely miss Edmund.
Edmund is lightly wounded.
Edmund is engulfed in blazing flames.
Edmund hits you with a +6 flail of holy wrath.
You hit Edmund but do no damage.
Edmund is moderately wounded.
Edmund is engulfed in blazing flames.
Edmund hits you with a +6 flail of holy wrath.
You hit Edmund but do no damage.
Edmund is heavily wounded.
Edmund is engulfed in blazing flames.
Edmund hits you with a +6 flail of holy wrath.
You barely miss Edmund.
Edmund is heavily wounded.
Edmund is engulfed in blazing flames.
Edmund hits you with a +6 flail of holy wrath!
Ouch! That really hurt!
You die...

### #..
#.# #@#
#@#
#.§a..#
#######


You could see Edmund and a worker ant.

Vanquished Creatures
  An orc priest (D:3)
  4 adders
  2 worms
  3 dart slugs
  A leopard gecko (D:1)
  4 orcs (D:3)
  A ball python (D:2)
  3 bats
  2 giant cockroaches
  6 goblins
  5 hobgoblins
  A quokka (D:2)
  5 frilled lizards
  7 kobolds
  4 rats
49 creatures vanquished.

Notes
Turn   | Place    | Note
-------+----------+-------------------------------------------
     0 | D:1      | pk666 the Deep Elf Wizard began the quest for the Orb.
     0 | D:1      | Reached XP level 1. HP: 10/10 MP: 7/7
   409 | D:1      | Reached XP level 2. HP: 15/15 MP: 7/9
  1216 | D:2      | Found a faded altar of an unknown god.
  1388 | D:2      | Reached skill level 5 in Spellcasting
  1388 | D:2      | Reached XP level 3. HP: 16/19 MP: 4/11
  1446 | D:2      | Learned a level 2 spell: Blink
  1450 | D:2      | Learned a level 3 spell: Conjure Flame
  1454 | D:2      | Learned a level 3 spell: Mephitic Cloud
  2289 | D:3      | Found a runed translucent door.
  2292 | D:3      | Noticed sloany69's ghost (weakling GrFi)
  2395 | D:3      | Reached XP level 4. HP: 15/24 MP: 7/13
  2608 | D:3      | Found a glowing golden altar of the Shining One.
  2638 | D:3      | Found a runed translucent door.
  2638 | D:3      | Noticed an angel
  2841 | D:3      | Reached skill level 1 in Fire Magic
  2841 | D:3      | Reached skill level 1 in Poison Magic
  3482 | D:4      | Noticed Edmund
  3491 | D:4      | Slain by Edmund

Levels and vault maps discovered:
D:1:      dpeg_arrival_renting, layout_loops_corners
D:2:      layout_basic, chequers_ecumenical_altar_simple
D:3:      kennysheep_big_flooded_room, layout_loops_ring,
          ebering_ghost_reflecting_pool, lemuel_angel_altar
D:4:      layout_loops_corners, temple_green, okawaru_metal_pillars_1_2,
          uniq_edmund

Skill      XL: |  1  2  3  4 |
---------------+-------------+-----
Dodging        | 3 |  3.2
Conjurations   | 2 |  2.6
Spellcasting   | 5 |  5.4
Fire Magic     | 1 |  1.3
Poison Magic   | 1 |  1.2
Stealth        | |  2.4
Summonings     | |  1.1
Translocations | |  1.9
Air Magic      | |  0.6

Action                   |  1- 3 |  4- 6 || total
-------------------------+-------+-------++-------
Melee: Dagger            |       |     4 ||     4
 Cast: Magic Dart        |   107 |    40 ||   147
       Conjure Flame     |       |     2 ||     2
       Mephitic Cloud    |       |     2 ||     2
  Eat: Chunk             |     4 |     2 ||     6
Armor: Robe              |     2 |       ||     2
Dodge: Dodged            |     8 |     9 ||    17

Table legend:
 A = Non-vault XP
 B = Vault XP
 C = Vault XP percentage of total XP
 D = Non-vault monster count
 E = Vault monster count
 F = Vault count percentage of total count
                 A         B        C        D         E       F
            +---------+---------+-------+---------+---------+-------
      Total |     180 |       4 |   2.2 |      47 |       2 |   4.1
            +---------+---------+-------+---------+---------+-------
        D:1 |      29 |       0 |   0.0 |      16 |       0 |   0.0
        D:2 |      45 |       0 |   0.0 |      16 |       0 |   0.0
        D:3 |     106 |       4 |   3.6 |      15 |       2 |  11.8
            +---------+---------+-------+---------+---------+-------
